 Dungeon Crawl Stone Soup version 0.29-a0-490-g77b3608bb8 (webtiles) character file.

Game seed: 12026606607177971261

3945 happo123 the Covert (level 10, -6/59 HPs)
             Began as a Kobold Enchanter on May 26, 2022.
             Mangled by an orc wizard
             ... wielding a +1 dagger of electrocution
              (16 damage)
             ... on level 8 of the Dungeon.
             The game lasted 00:33:21 (7496 turns).

happo123 the Covert (Kobold Enchanter)              Turns: 7496, Time: 00:33:22

Health: -6/59      AC: 12    Str: 12    XL:     10   Next: 44%
Magic:  16/18      EV: 18    Int: 20    God:
Gold:   375        SH:  0    Dex: 16    Spells: 9/20 levels left

rFire   . . .      SeeInvis .   j - +1 short sword (protect)
rCold   . . .      Faith    .   (no shield)
rNeg    . . .      Spirit   .   k - +2 robe "Zoomuyth" {Rampage rPois rF- rC+}
rPois   +          Reflect  .   n - +0 helmet
rElec   .          Harm     .   (no cloak)
rCorr   .          Rampage  +   (no gloves)
Will    .....                   (no boots)
Stlth   +++++.....              h - amulet of regeneration
HPRegen 0.99/turn               d - ring of fire
MPRegen 0.16/turn               F - +6 ring of strength

@: under a protective aura
A: small, no large weapons, nightstalker 3
a: no special abilities


You were on level 8 of the Dungeon.
You visited 1 branch of the dungeon, and saw 8 of its levels.
You also visited: Bailey.

You collected 375 gold pieces.

Inventory:

Hand Weapons
 a - a +1 dagger
 j - a +1 short sword of protection (weapon)
 B - a +0 vorpal shortbow
 K - a +0 hand crossbow
Missiles
 C - a throwing net
Armour
 b - a +0 robe
 f - a +0 leather armour
 k - the +2 robe "Zoomuyth" (worn) {Rampage rPois rF- rC+}
   (You found it on level 2 of the Dungeon)

   rF:        It makes you vulnerable to fire.
   rC:        It protects you from cold.
   rPois:     It protects you from poison.
   Rampage:   It bestows one free step when moving towards enemies.
 n - a +0 helmet (worn)
 E - the +6 scale mail of the Banana {rN+ MP+9 Dex-3 Slay+2}
   (You found it in a bailey)

   Dex:       It affects your dexterity (-3).
   Slay:      It affects your accuracy & damage with ranged weapons and melee
   (+2).
   rN:        It protects you from negative energy.
   MP:        It affects your magic capacity (+9).
Jewellery
 d - a ring of fire (left hand)
 h - an amulet of regeneration (around neck)
 F - a +6 ring of strength (right hand)
Wands
 q - a wand of acid (7)
 v - a wand of polymorph (7)
 I - a wand of digging (7)
Scrolls
 e - 2 scrolls of enchant armour
 g - 6 scrolls of identify
 o - 5 scrolls of teleportation
 p - 3 scrolls of vulnerability
 t - a scroll of silence {unknown}
 u - a scroll of fear {unknown}
 y - 2 scrolls of magic mapping {unknown}
 A - 2 scrolls of enchant weapon {unknown}
 H - a scroll of poison {unknown}
 J - a scroll of fog {unknown}
Potions
 c - 3 potions of invisibility
 i - 2 potions of cancellation
 l - 2 potions of lignification {unknown}
 m - 4 potions of might {unknown}
 r - 2 potions of degeneration {unknown}
 s - 2 potions of flight
 w - 3 potions of curing
 x - 3 potions of heal wounds {unknown}
 z - a potion of haste {unknown}
 D - a potion of mutation {unknown}
 G - a potion of berserk rage {unknown}


   Skills:
 + Level 5.5 Fighting
 + Level 7.2 Short Blades
 + Level 6.9 Dodging
 + Level 8.9 Stealth
 + Level 5.7 Spellcasting
 * Level 8.4 Hexes


You had 9 spell levels left.
You knew the following spells:

 Your Spells              Type           Power      Damage    Failure   Level
a - Ensorcelled Hibernat  Hex/Ice        44%        N/A       2%          2
b - Tukima's Dance        Hex            39%        N/A       1%          3
c - Confusing Touch       Hex            39%        N/A       1%          3
d - Dazzling Flash        Conj/Hex       44%        N/A       5%          3

Your spell library contained the following spells:

 Spells                   Type           Power      Damage    Failure   Level
 Conjure Flame            Conj/Fire      8%         6-21      32%         3
 Ignite Poison            Fire/Tmut/Pois 8%         N/A       32%         3
 Sticky Flame             Conj/Fire      8%         2d3       71%         4


Dungeon Overview and Level Annotations

Branches:
Dungeon (8/15)             Bailey (visited)
 Temple: D:4-7         Lair: D:8-11

Altars:
Gozag
Nemelex Xobeh
Qazlal
Vehumet
Yredelemnul

Annotations:
D:7 3 runed translucent doors, NateTC's ghost, novice MiFi; SirDiesAlot's ghost, novice DECj; siradein's ghost, amateur DsFi; siradein's ghost, novice DsBe; xian's ghost, novice DEAM


Innate Abilities, Weirdness & Mutations

You are small and have problems with some larger weapons.
You are completely attuned to the shadows.


Message History

You hear some strange, mumbled words.
A puff of flame appears from out of thin air!
The puff of flame hits you.
Something unexpectedly blocked you, preventing you from rampaging!
You barely miss something.
Something unexpectedly blocked you, preventing you from rampaging!
You completely miss something. Something hits you but does no damage.
Something unexpectedly blocked you, preventing you from rampaging!
You barely miss something. Something hits you.
Something unexpectedly blocked you, preventing you from rampaging!
You hit something but do no damage.
Your weapon exudes an aura of protection.
Something hits you but does no damage.
Something unexpectedly blocked you, preventing you from rampaging!
You hit something.
Your magical contamination has completely faded away.
Something unexpectedly blocked you, preventing you from rampaging!
You miss something. Something hits you but does no damage.
Something unexpectedly blocked you, preventing you from rampaging!
You hit something but do no damage. Something hits you but does no damage.
Something unexpectedly blocked you, preventing you from rampaging!
You hit something. Something closely misses you.
Something unexpectedly blocked you, preventing you from rampaging!
You hit something but do no damage.
Something unexpectedly blocked you, preventing you from rampaging!
You hit something.
Something unexpectedly blocked you, preventing you from rampaging!
You hit something but do no damage. Something hits you but does no damage.
You are electrocuted!
Something unexpectedly blocked you, preventing you from rampaging!
You closely miss something. Something hits you but does no damage.
You are electrocuted!
* * * LOW HITPOINT WARNING * * *
Something unexpectedly blocked you, preventing you from rampaging!
You miss something.
Something unexpectedly blocked you, preventing you from rampaging!
You closely miss something. Something hits you.
* * * LOW HITPOINT WARNING * * *
You are electrocuted!
You die...

..........#..o....
..........#......#
.............#...#
............#..# ≈
...............# ≈#
..........o#.###≈#
..#.#o......≈#
##(#.###.##≈#
......##@# ≈#
...oo.##{##≈#
......#oo#.≈#
........##.≈##
.......###.≈≈##
...........≈≈##
............≈≈####
##.###........≈≈≈≈≈
.......#.##.#...##


You could see 2 orcs.

Vanquished Creatures
  A gargoyle (Bailey)
  A vampire (Bailey)
  A steam dragon (D:7)
  3 water moccasins (D:7)
  4 ogres
  3 ice beasts
  2 black bears
  2 centaurs
  A phantom (D:4)
  4 bullfrogs
  2 scorpions (D:4)
  3 wights (D:7)
  8 wolf zombies (Bailey)
  7 vampire bats (Bailey)
  A gnoll shaman (D:6)
  3 orc priests
  2 hounds
  A jelly (D:5)
  7 orc wizards
  6 iguanas
  8 gnolls
  5 adders
  2 white imps
  An ufetubus (D:7)
  5 worms
  A dart slug (D:4)
  29 orcs
  6 bats
  7 endoplasms
  4 giant cockroaches
  12 goblins
  10 hobgoblins
  5 jackals
  6 ball pythons
  3 frilled lizards
  7 kobolds
  22 orc zombies (Bailey)
  A rat (D:3)
196 creatures vanquished.

Notes
Turn   | Place    | Note
-------+----------+-------------------------------------------
     0 | D:1      | happo123 the Kobold Enchanter began the quest for the Orb.
     0 | D:1      | Reached XP level 1. HP: 10/10 MP: 3/3
   160 | D:1      | Reached XP level 2. HP: 15/15 MP: 5/5
   163 | D:1      | Learned a level 2 spell: Ensorcelled Hibernation
   609 | D:1      | Found a faded altar of an unknown god.
   990 | D:2      | Reached XP level 3. HP: 20/20 MP: 6/6
  1006 | D:2      | Identified the +2 robe "Zoomuyth" {Rampage rPois rF- rC+}
  1094 | D:2      | Reached XP level 4. HP: 24/24 MP: 4/7
  1099 | D:2      | Learned a level 3 spell: Tukima's Dance
  1973 | D:3      | Reached skill level 1 in Fighting
  2283 | D:3      | Reached XP level 5. HP: 29/29 MP: 8/8
  2287 | D:3      | Learned a level 3 spell: Confusing Touch
  2755 | D:4      | Reached XP level 6. HP: 34/34 MP: 3/10
  2830 | D:4      | Reached skill level 5 in Stealth
  3007 | D:4      | Noticed an ogre
  3010 | D:4      | Reached XP level 7. HP: 40/40 MP: 11/11
  3028 | D:4      | Learned a level 3 spell: Dazzling Flash
  3105 | D:4      | Found a stormy altar of Qazlal.
  3110 | D:4      | Found a faded altar of an unknown god.
  3112 | D:4      | Found a radiant altar of Vehumet.
  3113 | D:4      | Found a faded altar of an unknown god.
  3118 | D:4      | Found a basalt altar of Yredelemnul.
  3279 | D:4      | Reached skill level 5 in Hexes
  3471 | D:5      | Entered Level 5 of the Dungeon
  3518 | D:5      | Found an opulent altar of Gozag.
  3927 | D:5      | Reached XP level 8. HP: 45/45 MP: 13/13
  4197 | D:5      | Found a sparkling altar of Nemelex Xobeh.
  4248 | D:5      | Reached skill level 5 in Dodging
  4471 | D:6      | Reached skill level 5 in Short Blades
  4690 | D:6      | Reached XP level 9. HP: 52/52 MP: 5/15
  5647 | D:7      | Found a runed translucent gate.
  5648 | D:7      | Found a runed translucent gate.
  5649 | D:7      | Found a runed translucent gate.
  5650 | D:7      | Noticed siradein's ghost (amateur DsFi)
  5652 | D:7      | Noticed xian's ghost (novice DEAM)
  5655 | D:7      | Noticed NateTC's ghost (novice MiFi)
  5655 | D:7      | Noticed siradein's ghost (novice DsBe)
  5678 | D:7      | Found a flagged portal.
  5696 | Bailey   | Entered a bailey
  5751 | Bailey   | Noticed a gargoyle
  5791 | Bailey   | Killed a gargoyle
  5817 | Bailey   | Reached skill level 5 in Spellcasting
  6051 | Bailey   | Reached XP level 10. HP: 57/58 MP: 17/17
  6071 | Bailey   | Reached skill level 5 in Fighting
  6108 | Bailey   | Identified the +6 scale mail of the Banana {rN+ MP+9 Dex-3
                  | Slay+2}
  7104 | D:7      | Identified the +3 chain mail of Mysticism {rPois Str+4
                  | Int+3}
  7296 | D:7      | Noticed SirDiesAlot's ghost (novice DECj)
  7496 | D:8      | Mangled by an orc wizard

Illustrated notes

Levels and vault maps discovered:
D:1:      minmay_arrival_floating_metal, layout_loops_cross,
          shapermc_ecumenical_altar_mp_urbaneastern, amethyst_killhole,
          fountainhead
D:2:      layout_loops_ring, chequers_serial_rivers_small_3, minmay_surrounded
D:3:      wad_pebble_path, layout_basic
D:4:      layout_rooms, chequers_temple_overflow_minitemple,
          minmay_temple_entry_from_below_a, minmay_quadrilaterals
D:5:      layout_basic, grunt_gozag_statues, lemuel_coloured_pillars_altar,
          cheibrodos_sewer_entry_bend
D:6:      layout_basic, hangedman_decor_riveting, skrybe_limestone_x,
          chequers_arboretum
D:7:      layout_basic, gammafunk_ghost_cemetery, enter_bailey_3
D:8:      layout_rooms, grunt_temple_overflow_order_and_chaos_2,
          ebering_ghost_rock_garden, water_maze_lemuel

Skill      XL: |  1  2  3  4  5  6  7  8  9 10 |
---------------+-------------------------------+-----
Short Blades   | 2 3 4 5 6 7 |  7.2
Fighting       | 1 2 3 4 5 |  5.5
Dodging        | 3 4 5 6 |  6.9
Hexes          | 4 5 6 7 8 |  8.4
Stealth        | 5 6 8 |  8.9
Spellcasting   | 3 4 5 |  5.7

Action                   |  1- 3 |  4- 6 |  7- 9 | 10-12 || total
-------------------------+-------+-------+-------+-------++-------
Melee: Dagger            |    34 |       |       |       ||    34
       Punch             |     3 |       |     2 |     5 ||    10
       Short sword       |    19 |   104 |   377 |   216 ||   716
 Cast: Ensorcelled Hiber |     2 |    13 |    36 |    11 ||    62
       Confusing Touch   |       |       |     2 |       ||     2
  Use: Scroll            |       |       |     6 |       ||     6
 Stab: Sleeping          |    16 |    30 |    56 |    18 ||   120
       Distracted        |       |     1 |     1 |     1 ||     3
       Confused          |       |       |     1 |       ||     1
Armor: Robe              |    11 |    25 |   115 |    54 ||   205
Dodge: Dodged            |    23 |    62 |   286 |   118 ||   489

Table legend: (Time is in decaauts)
 A = Elapsed time spent in this place.
 B = Non-inter-level travel time spent in this place.
 C = Inter-level travel time spent in this place.
 D = Time resting spent in this place.
 E = Time spent auto-exploring this place.
 F = Levels seen in this place.
 G = Mean time per level.
                   A        B        C        D        E       F      G
               +--------+--------+--------+--------+--------+-----+--------+
         Total |   7423 |   6645 |    778 |    102 |   4783 |   9 |  824.8 |
       Dungeon |   6771 |   5993 |    778 |    102 |   4618 |   8 |  846.4 |
        Bailey |    652 |    652 |      0 |      0 |    165 |   1 |  652.0 |
               +--------+--------+--------+--------+--------+-----+--------+

Top non-repeatable levels by time:
     D:6: 1167 daAuts
     D:7: 1084 daAuts
     D:1: 1019 daAuts
     D:5: 916 daAuts
     D:3: 908 daAuts
     D:2: 817 daAuts
     D:4: 755 daAuts
  Bailey: 652 daAuts
     D:8: 103 daAuts
